 Dungeon Crawl Stone Soup version 0.29-a0-233-g1125b37a9b (webtiles) character file.

Game seed: 12604301808648627666

2503 Strat the Cleaver (level 9, -4/79 HPs)
             Began as a Minotaur Fighter on Mar 1, 2022.
             Was an Initiate of Elyvilon.
             Slain by a vampire (8 damage)
             ... on level 7 of the Dungeon.
             The game lasted 00:08:33 (6770 turns).

Strat the Cleaver (Minotaur Fighter)                Turns: 6770, Time: 00:08:33

Health: -4/79      AC: 11    Str: 22    XL:     9   Next: 28%
Magic:  8/8        EV:  7    Int:  5    God:    Elyvilon [......]
Gold:   272        SH:  5    Dex: 13    Spells: 8/8 levels left

rFire   . . .      SeeInvis .   a - +0 war axe
rCold   . . .      Faith    .   c - +0 buckler
rNeg    . . .      Spirit   .   h - +1 chain mail
rPois   +          Reflect  .   (helmet restricted)
rElec   .          Harm     .   (no cloak)
rCorr   .          Rampage  .   (no gloves)
Will    .....                   (no boots)
Stlth   ..........              (no amulet)
HPRegen 0.23/turn               u - ring of flight
MPRegen 0.11/turn               n - ring of poison resistance

@: flying
A: horns 2, retaliatory headbutt
a: Renounce Religion


You were on level 7 of the Dungeon.
You worshipped Elyvilon.
Elyvilon was noncommittal.
You visited 2 branches of the dungeon, and saw 8 of its levels.

You collected 272 gold pieces.

Inventory:

Hand Weapons
 a - a +0 war axe (weapon)
Missiles
 j - 106 stones (quivered)
 q - 2 throwing nets
 r - 3 atropa-tipped darts
 y - 5 javelins
Armour
 b - a +0 scale mail
 c - a +0 buckler (worn)
 h - a +1 chain mail (worn)
Jewellery
 d - a ring of protection from cold
 n - a ring of poison resistance (right hand)
 u - a ring of flight (left hand)
Wands
 p - a wand of polymorph (7)
 t - a wand of iceblast (3)
 w - a wand of acid (12)
Scrolls
 i - a scroll of identify
 k - 4 scrolls of enchant armour
 l - 3 scrolls of vulnerability
 z - a scroll of amnesia
Potions
 e - a potion of attraction
 f - 3 potions of brilliance
 g - a potion of degeneration {unknown}
 m - 2 potions of curing {unknown}
 o - a potion of flight
 v - a potion of invisibility {unknown}


   Skills:
 + Level 7.5 Fighting
 + Level 11.6 Axes
 + Level 7.4 Armour
 - Level 5.0 Shields


You had 8 spell levels left.
You didn't know any spells.
Your spell library contained the following spells:

 Spells                   Type           Power      Damage    Failure   Level
 Sandblast                Erth           0%         2d4       99%         1
 Slow                     Hex            0%         N/A       99%         1
 Passwall                 Tmut/Erth      0%         N/A       100%        2
 Confusing Touch          Hex            0%         N/A       100%        3
 Gell's Gravitas          Tloc           0%         N/A       100%        3
 Stone Arrow              Conj/Erth      0%         3d7       100%        3
 Teleport Other           Tloc           0%         N/A       100%        3
 Vampiric Draining        Necr           0%         2d6       100%        3
 Dispersal                Tloc           0%         N/A       100%        6


Dungeon Overview and Level Annotations

Branches:
Dungeon (7/15)             Temple (1/1) D:7

Altars:
Elyvilon
Fedhas
Hepliaklqana
Kikubaaqudgha
Nemelex Xobeh
Okawaru
Ru
Sif Muna
Uskayaw
Vehumet
Wu Jian
Zin
The Shining One
Lugonu

Shops:
D:1 *[

Annotations:
D:7 1 transporter


Innate Abilities, Weirdness & Mutations

You have a pair of horns on your head.
You reflexively headbutt those who attack you in melee.


Message History

Something bites you but does no damage.
You barely miss something. You headbutt something.
You hear some strange, mumbled words.
You are confused.
You bump into the rock wall.
Something hits you! Something bites you.
Something draws strength from your injuries!
You hit something but do no damage. Your headbutt misses something.
Something hits you but does no damage. Something bites you.
* * * LOW HITPOINT WARNING * * *
Something draws strength from your injuries!
You barely miss something. Something hits you!
* * * LOW HITPOINT WARNING * * *
Something bites you!
* * * LOW HITPOINT WARNING * * *
Something draws strength from your injuries!
You miss something. Something hits you.
* * * LOW HITPOINT WARNING * * *
Something bites you but does no damage.
You bump into the rock wall.
Something hits you!
* * * LOW HITPOINT WARNING * * *
Something bites you.
* * * LOW HITPOINT WARNING * * *
Something draws strength from your injuries!
You bump into the rock wall.
You feel less confused. Something hits you.
* * * LOW HITPOINT WARNING * * *
Something bites you but does no damage.
You barely miss something. Something hits you.
* * * LOW HITPOINT WARNING * * *
Something bites you but does no damage.
You hit something but do no damage. You headbutt something.
Something hits you but does no damage. Something bites you but does no damage.
You miss something. Something hits you.
* * * LOW HITPOINT WARNING * * *
Something bites you!
* * * LOW HITPOINT WARNING * * *
Something draws strength from your injuries!
You barely miss something. Your headbutt misses something. Something hits you!
You die...

#.# #.# #.# #.#
#.#
#.#####.########
#.....§§§.......
#.#####{######..
#@§§8#####
####§#...##
#.##...#
##.....# #.....#
###...## ..# #.
##8##..# ..# #.
##.....## # ##.#
#.###.....##


There were no monsters in sight!

Vanquished Creatures
  A gargoyle (D:6)
  4 yaks
  A steam dragon (D:6)
  An ice beast (D:6)
  An ogre (D:6)
  A phantom (D:5)
  A centaur (D:6)
  3 bullfrogs
  A necrophage (D:5)
  A scorpion (D:5)
  6 killer bees (D:7)
  A howler monkey (D:3)
  3 gnoll shamans
  A hound (D:6)
  2 orc priests (D:7)
  2 iguanas (D:5)
  15 gnolls
  9 adders
  A shadow imp (D:7)
  2 white imps
  2 worms (D:2)
  2 dart slugs
  12 orcs
  6 ball pythons
  3 bats
  10 endoplasms
  2 giant cockroaches
  10 goblins
  5 hobgoblins
  4 kobolds
  3 quokkas
  5 frilled lizards
  2 rats
123 creatures vanquished.

Notes
Turn   | Place    | Note
-------+----------+-------------------------------------------
     0 | D:1      | Strat the Minotaur Fighter began the quest for the Orb.
     0 | D:1      | Reached XP level 1. HP: 19/19 MP: 0/0
   177 | D:1      | Reached XP level 2. HP: 27/27 MP: 1/1
   207 | D:1      | Reached skill level 3 in Axes
   230 | D:1      | Found Oguuck's General Store.
   520 | D:1      | Found Juenam's Antique Armour Boutique.
   590 | D:1      | Found a faded altar of an unknown god.
   642 | D:2      | Reached skill level 4 in Axes
   642 | D:2      | Reached XP level 3. HP: 33/33 MP: 2/2
  1308 | D:2      | Reached skill level 5 in Axes
  1308 | D:2      | Reached XP level 4. HP: 40/40 MP: 3/3
  1447 | D:3      | Found a sacrificial altar of Ru.
  1743 | D:3      | Found an ancient bone altar of Kikubaaqudgha.
  1773 | D:3      | Found a hide-covered altar of Uskayaw.
  1846 | D:3      | Reached skill level 6 in Axes
  1846 | D:3      | Reached XP level 5. HP: 46/46 MP: 4/4
  2589 | D:4      | Found a hazy altar of Hepliaklqana.
  2743 | D:5      | Entered Level 5 of the Dungeon
  2755 | D:5      | Reached skill level 7 in Axes
  2756 | D:5      | Reached XP level 6. HP: 42/52 MP: 5/5
  2989 | D:5      | Reached skill level 8 in Axes
  3371 | D:5      | Reached XP level 7. HP: 22/60 MP: 6/6
  4102 | D:6      | Noticed a gargoyle
  4104 | D:6      | Reached skill level 5 in Fighting
  4104 | D:6      | Reached skill level 5 in Armour
  4104 | D:6      | Reached skill level 5 in Shields
  4107 | D:6      | Killed a gargoyle
  4110 | D:6      | Reached XP level 8. HP: 68/70 MP: 7/7
  4396 | D:6      | Reached skill level 9 in Axes
  4401 | D:6      | Found a radiant altar of Vehumet.
  4721 | D:6      | Reached skill level 10 in Axes
  4964 | D:5      | Reached skill level 11 in Axes
  5151 | D:6      | Reached XP level 9. HP: 69/78 MP: 8/8
  5378 | D:7      | Noticed a white ugly thing
  5384 | D:7      | Noticed a cyan ugly thing
  5385 | D:7      | Found a transporter.
  5385 | D:7      | Found a corrupted altar of Lugonu.
  5385 | D:7      | Noticed a brown ugly thing
  5386 | D:7      | Noticed a red ugly thing
  5387 | D:7      | Noticed an ancient zyme
  5458 | D:7      | Found a blossoming altar of Fedhas.
  6557 | D:7      | Identified the +7 long sword of the Warrior-Mage {vorpal,
                  | rF+ SInv Stlth+}
  6664 | D:7      | Found a staircase to the Ecumenical Temple.
  6678 | Temple   | Entered the Ecumenical Temple
  6715 | Temple   | Became a worshipper of Elyvilon the Healer
  6769 | D:7      | HP: 3/79 [something (9)]
  6770 | D:7      | Slain by a vampire

Illustrated notes

Levels and vault maps discovered:
D:1:      heliophobic_arrival_battle_scene, layout_basic,
          shapermc_ecumenical_altar_mp_vishouse, serial_shops, shop,
          nicolae_shop_stone
D:2:      layout_loops_ring, minmay_misc_feat_room, minmay_domino_2
D:3:      minmay_chambers_of_threes, layout_loops_ring, lemuel_doored_altar,
          lemuel_coloured_pillars_altar, nicolae_overflow_crystal_walls,
          serial_bayou_pond_c, kennysheep_generic_room_16
D:4:      layout_cave_pools, mainiacjoe_overflow_small_starburst,
          old_standard_altar
D:5:      layout_rooms
D:6:      layout_basic, vehumet_crystals
D:7:      gammafunk_corrupted_shrine, layout_loops_ring,
          mainiacjoe_overflow_cross_hatched, mainiacjoe_overflow_tiny_flanked,
          minmay_temple_entry_junction, lightli_ossuary_entry_decrepit_ruins
Temple:   pdpol_scorched_temple

Skill      XL: |  1  2  3  4  5  6  7  8  9 |
---------------+----------------------------+-----
Axes           | 4 5 6 7 8 11 | 11.6
Armour         | 4 5 6 7 |  7.4
Fighting       | 4 5 6 7 |  7.5
Shields        | 4 5 |  5.0

Action                   |  1- 3 |  4- 6 |  7- 9 || total
-------------------------+-------+-------+-------++-------
Melee: War axe           |    58 |   110 |   163 ||   331
       Headbutt          |     7 |    17 |    36 ||    60
Evoke: Wand              |       |       |     4 ||     4
  Use: Scroll            |       |    10 |     4 ||    14
       Potion            |       |     4 |     1 ||     5
Armor: Scale mail        |     2 |       |       ||     2
       Chain mail        |    21 |    70 |   104 ||   195
       Skin              |     9 |       |       ||     9
Dodge: Dodged            |    20 |    43 |    62 ||   125
Block: Buckler           |    17 |    25 |    32 ||    74

Table legend: (Time is in decaauts)
 A = Elapsed time spent in this place.
 B = Non-inter-level travel time spent in this place.
 C = Inter-level travel time spent in this place.
 D = Time resting spent in this place.
 E = Time spent auto-exploring this place.
 F = Levels seen in this place.
 G = Mean time per level.
                   A        B        C        D        E       F      G
               +--------+--------+--------+--------+--------+-----+--------+
         Total |   6828 |   6634 |    194 |   1797 |   3697 |   8 |  853.5 |
       Dungeon |   6784 |   6595 |    189 |   1774 |   3697 |   7 |  969.1 |
        Temple |     43 |     38 |      5 |     23 |      0 |   1 |   43.0 |
               +--------+--------+--------+--------+--------+-----+--------+

Top non-repeatable levels by time:
     D:6: 1605 daAuts
     D:5: 1482 daAuts
     D:3: 1180 daAuts
     D:7: 837 daAuts
     D:2: 793 daAuts
     D:1: 619 daAuts
     D:4: 266 daAuts
  Temple: 43 daAuts
